 Dungeon Crawl Stone Soup version 0.28.0-45-g0d030f2227 (webtiles) character file.

Game seed: 1850156134930990581

41 Descartes the Grasshopper (level 3, 0/27 HPs)
             Began as a Formicid Warper on Apr 11, 2022.
             Frozen to death by an endoplasm (3 damage)
             ... on level 1 of the Dungeon.
             The game lasted 00:01:34 (1550 turns).

Descartes the Grasshopper (Formicid Warper)         Turns: 1550, Time: 00:01:34

Health: 0/27       AC:  3    Str: 17    XL:     3   Next: 75%
Magic:  6/6        EV: 11    Int: 12    God:
Gold:   78         SH:  0    Dex: 10    Spells: 6/6 levels left

rFire   . . .      SeeInvis +   a - +0 hand axe
rCold   . . .      Faith    .   (no shield)
rNeg    . . .      Spirit   .   b - +0 leather armour
rPois   .          Reflect  .   (helmet unavailable)
rElec   .          Harm     .   (no cloak)
rCorr   .          Rampage  .   (no gloves)
Will    .....                   (no boots)
Stlth   +.........              (no amulet)
HPRegen 0.09/turn               (no ring)
MPRegen 0.10/turn               (no ring)

@: no status effects
A: permanent stasis, dig shafts and tunnels, antennae 3, four strong arms
a: Dig, Shaft Self


You were on level 1 of the Dungeon.
You visited 1 branch of the dungeon, and saw 2 of its levels.

You collected 78 gold pieces.

Inventory:

Hand Weapons
 a - a +0 hand axe (weapon)
Missiles
 c - 5 boomerangs of dispersal (quivered)
 d - 47 stones
Armour
 b - a +0 leather armour (worn)
Scrolls
 e - 2 scrolls of magic mapping {unknown}
 f - a scroll of fog {unknown}
 g - a scroll of enchant weapon {unknown}
 h - a scroll of summoning {unknown}
 i - a scroll of identify {unknown}
 k - a scroll of immolation
Potions
 j - a potion of haste {unknown}


   Skills:
 - Level 2.1 Fighting
 + Level 2.7 Axes
 - Level 1.0 Throwing
 + Level 2.2 Armour
 - Level 1.7 Dodging
 - Level 2.1 Spellcasting
 + Level 3.1 Translocations


You had 6 spell levels left.
You didn't know any spells.
Your spell library contained the following spells:

 Spells                   Type           Power      Damage    Failure   Level
 Gell's Gravitas          Tloc           8%         N/A       26%         3
 Lesser Beckoning         Tloc           8%         N/A       26%         3
 Teleport Other           Tloc           8%         N/A       26%         3
 Ignite Poison            Fire/Tmut/Pois 1%         N/A       67%         3
 Mephitic Cloud           Conj/Pois/Air  1%         N/A       67%         3
 Manifold Assault         Tloc           8%         N/A       94%         5
 Freezing Cloud           Conj/Ice/Air   0%         6-21      100%        5
 Blink                    Tloc           Unusable   N/A       N/A         2

Dungeon Overview and Level Annotations

Branches:
Dungeon (2/15)

Altars:


Innate Abilities, Weirdness & Mutations

You cannot be hasted, slowed, berserked, paralysed or teleported.
You can dig through walls and to a lower floor.
You have a pair of large antennae on your head. (SInv)
Your four strong arms can wield two-handed weapons with a shield.


Message History

You closely miss the adder.
The adder is moderately wounded.
The adder misses you. The adder bites you.
You hit the adder.
The adder is severely wounded.
The adder misses you.
You hit the adder but do no damage.
The adder is severely wounded.
The adder barely misses you. The adder bites you.
You miss the adder.
The adder is severely wounded.
The adder bites you.
* * * LOW HITPOINT WARNING * * *
You hit the adder.
The adder is almost dead.
The adder bites you but does no damage. The adder barely misses you.
You hit the adder.
You kill the adder!
An endoplasm comes into view.
You see here an adder corpse.
The endoplasm quivers.
There is a faded altar of an unknown god here.
You see here a scroll of immolation.
There is a faded altar of an unknown god here.
You see here a scroll of immolation.
k - a scroll of immolation The endoplasm hits you.
* * * LOW HITPOINT WARNING * * *
You see here an adder corpse.
You see here 27 bolts.
There is an escape hatch in the ceiling here.
The endoplasm freezes you.
You are frozen.
* * * LOW HITPOINT WARNING * * *
A mysterious force pulls you upwards. The hatch slams shut behind you.
The endoplasm completely misses you.
There is an open door here.
The endoplasm freezes you.
You are frozen.
You die...

#.##'###########'##...#.......#..
#.#...#...#...#...#.#.###########
#.#...'...'.<.#...#.#.#..........
#.#...#...#...#...#.#.#.#########
#.##'###'###'###'##.#.#.#
#.#...#...#...#...#.#.#.#
#.'...#...#...#...'.#.#.#
#.#...#...#...#...#.#...#
#.##'###########@##.#####
#.#...#...#...#J..#.########
#.#...'...#...'...#.##.....#
#.#...#...#...#...#.##.###.#
#.######'##########.##.# #.######
...............# #..##.# #.......
#..#.######..#.###.###.#########.
#†............................##.
##.#########.#.###.###.######.##.


You could see an endoplasm.

Vanquished Creatures
  An adder (D:2)
  5 endoplasms (D:1)
  3 giant cockroaches (D:1)
  2 goblins (D:1)
  2 hobgoblins (D:1)
  2 jackals (D:1)
  A quokka (D:1)
  2 ball pythons (D:1)
  6 bats (D:1)
  2 kobolds
  A rat (D:1)
27 creatures vanquished.

Notes
Turn   | Place    | Note
-------+----------+-------------------------------------------
     0 | D:1      | Descartes the Formicid Warper began the quest for the Orb.
     0 | D:1      | Reached XP level 1. HP: 16/16 MP: 3/3
   463 | D:1      | Reached XP level 2. HP: 21/22 MP: 5/5
   877 | D:1      | Reached skill level 3 in Translocations
   953 | D:1      | Reached XP level 3. HP: 15/27 MP: 6/6
  1505 | D:2      | Found a faded altar of an unknown god.
  1550 | D:1      | Frozen to death by an endoplasm

Illustrated notes

Levels and vault maps discovered:
D:1:      co_arrival_random_square_maze, layout_basic
D:2:      layout_loops_corners, hellmonk_ecumenical_altar_blasted,
          uniq_crazy_yiuf_cottage

Skill      XL: |  1  2  3 |
---------------+----------+-----
Translocations | 3 |  3.1
Armour         | 2 |  2.2
Fighting       | |  2.1
Axes           | |  2.7
Throwing       | |  1.0
Dodging        | |  1.7
Spellcasting   | |  2.1

Action                   || total
-------------------------++-------
Melee: Hand axe          ||   122
Armor: Leather armour    ||    61
Dodge: Dodged            ||   102
